[Event "European Online Club-ch-I 2021"]
[Site "Online"]
[Date "2021.03.27"]
[Round "9.11"]
[White "Vinter-Schou, Uffe"]
[Black "Polak, Tomas"]
[Result "1-0"]
[ECO "B13"]
[WhiteElo "2320"]
[BlackElo "2553"]
[Annotator "ChessBase"]
[PlyCount "113"]
[EventDate "2021.03.27"]
[EventType "team-tourn"]
[EventCountry "NET"]
[SourceTitle "playchess.com"]
[Source "ChessBase"]
[SourceQuality "1"]
[TimeControl "900+5"]

1. e4 c6 2. d4 d5 3. exd5 cxd5 4. Bd3 Nc6 5. c3 Qc7 6. h3 e6 7. Nf3 Bd6 8. O-O Nge7 9. Re1 Bd7 10. Nbd2 f6 11. c4 Nb4 12. Bf1 dxc4 13. Nxc4 Nbd5 14. Bd2 O-O 15. Rc1 Nc6 16. Qb3 Rfe8 17. Bd3 Bf8 18. Be4 Kh8 19. Ne3 Nxe3 20. Bxe3 Qb6 21. Qc2 Nb4 22. Qb1 f5 23. d5 Qa5 24. a3 fxe4 25. axb4 Bxb4 26. Qxe4 exd5 27. Qd3 Qb5 28. Qb1 Bxe1 29. Ng5 g6 30. Rxe1 Bf5 31. Qc1 Qc4 32. Qd2 Kg8 33. Rc1 Qd3 34. Qb4 b6 35. Qd6 Rad8 36. Qf6 Rd7 37. Bd4 Qxd4 38. Qxd4 h6 39. Nf3 Kh7 40. Re1 Re4 41. Qf6 Rxe1+ 42. Nxe1 d4 43. Nf3 d3 44. Nd2 Rc7 45. g4 Bc8 46. Qd6 Rc1+ 47. Kh2 h5 48. gxh5 Bf5 49. hxg6+ Bxg6 50. h4 Rc2 51. Qf4 Rxb2 52. Qg5 a5 53. h5 Bf7 54. Qf5+ Kg8 55. h6 Rxd2 56. Qg5+ Kf8 57. Qxd2 1-0

[Event "European Online Club-ch-I 2021"]
[Site "Online"]
[Date "2021.03.27"]
[Round "9.12"]
[White "Nayhebaver, Martin"]
[Black "Boe, Mads"]
[Result "1-0"]
[ECO "B12"]
[WhiteElo "2485"]
[BlackElo "2250"]
[Annotator "ChessBase"]
[PlyCount "61"]
[EventDate "2021.03.27"]
[EventType "team-tourn"]
[EventCountry "NET"]
[SourceTitle "playchess.com"]
[Source "ChessBase"]
[SourceQuality "1"]
[TimeControl "900+5"]

1. e4 c6 2. d4 d5 3. e5 Bf5 4. Bd3 Bxd3 5. Qxd3 e6 6. Ne2 Nd7 7. O-O Ne7 8. Nd2 c5 9. c3 Nc6 10. Nf3 Be7 11. Ng3 O-O 12. Nh5 cxd4 13. cxd4 Rc8 14. a3 Na5 15. b4 Nc4 16. h4 Bxh4 17. g3 Be7 18. Kg2 f5 19. exf6 Nxf6 20. Ng5 g6 21. Nf4 e5 22. dxe5 Nxe5 23. Qe2 Qd6 24. Nfe6 Rfe8 25. Bf4 Ne4 26. Nxe4 dxe4 27. Qa2 Bf6 28. Ng5+ Kg7 29. Bxe5 Qxe5 30. Qf7+ Kh6 31. Nxh7 1-0

[Event "European Online Club-ch-I 2021"]
[Site "Online"]
[Date "2021.03.27"]
[Round "9.13"]
[White "Hurdzan, Tomas"]
[Black "Anton Guijarro, David"]
[Result "0-1"]
[ECO "A88"]
[WhiteElo "2317"]
[BlackElo "2673"]
[Annotator "ChessBase"]
[PlyCount "94"]
[EventDate "2021.03.27"]
[EventType "team-tourn"]
[EventCountry "NET"]
[SourceTitle "playchess.com"]
[Source "ChessBase"]
[SourceQuality "1"]
[TimeControl "900+5"]

1. c4 f5 2. g3 Nf6 3. Bg2 g6 4. Nc3 Bg7 5. Nf3 O-O 6. O-O d6 7. d4 c6 8. Qb3 Na6 9. Rd1 Nc7 10. a4 Kh8 11. d5 c5 12. Bf4 h6 13. Qc2 g5 14. Bd2 Qe8 15. e4 fxe4 16. Nxe4 Nxe4 17. Qxe4 Bf5 18. Qe2 Bxb2 19. Ra2 Bf6 20. Re1 Qg6 21. Ra3 Rae8 22. Bc3 e6 23. dxe6 Rxe6 24. Bxf6+ Qxf6 25. Re3 Bg4 26. Rxe6 Nxe6 27. Qe3 Bxf3 28. Qxe6 Bxg2 29. Qxf6+ Rxf6 30. Kxg2 Kg7 31. Re8 Kf7 32. Rb8 b6 33. Rb7+ Ke6 34. Rxa7 Ke5 35. Ra6 d5 36. cxd5 c4 37. Kf1 c3 38. Ke2 Rxf2+ 39. Kd1 Kd4 40. Rxb6 Kd3 41. Ke1 Re2+ 42. Kf1 c2 43. Rc6 Re4 44. d6 Rc4 45. d7 c1=Q+ 46. Kg2 Qd2+ 47. Kg1 Qe3+ 0-1

[Event "European Online Club-ch-I 2021"]
[Site "Online"]
[Date "2021.03.27"]
[Round "9.14"]
[White "Mchedlishvili, Mikheil"]
[Black "Mladek, Richard"]
[Result "1-0"]
[ECO "D55"]
[WhiteElo "2570"]
[BlackElo "2291"]
[Annotator "ChessBase"]
[PlyCount "77"]
[EventDate "2021.03.27"]
[EventType "team-tourn"]
[EventCountry "NET"]
[SourceTitle "playchess.com"]
[Source "ChessBase"]
[SourceQuality "1"]
[TimeControl "900+5"]

1. d4 Nf6 2. c4 e6 3. Nf3 d5 4. Nc3 Be7 5. Bg5 O-O 6. e3 h6 7. Bxf6 Bxf6 8. Qb3 c6 9. Rd1 Qa5 10. Bd3 Nd7 11. O-O dxc4 12. Qxc4 Qh5 13. Bc2 e5 14. d5 Nb6 15. Qd3 g6 16. dxc6 bxc6 17. Ne4 Bg7 18. Qd6 Qf5 19. Rc1 Qe6 20. Bb3 Qxd6 21. Nxd6 Bd7 22. Rfd1 a5 23. Nd2 a4 24. Bxf7+ Rxf7 25. Nxf7 Kxf7 26. Nc4 Nd5 27. e4 Nf6 28. Nxe5+ Ke8 29. Nxd7 Nxd7 30. Rxc6 Bxb2 31. Rxg6 a3 32. Rxh6 Nc5 33. e5 Ke7 34. f4 Ra4 35. g3 Ne4 36. Kg2 Nc3 37. Rh7+ Ke8 38. Rdd7 Nxa2 39. Rb7 1-0

[Event "European Online Club-ch-I 2021"]
[Site "Online"]
[Date "2021.03.27"]
[Round "9.15"]
[White "Eret, Matous"]
[Black "Cuenca Jimenez, Jose Fernando"]
[Result "0-1"]
[ECO "C30"]
[WhiteElo "2255"]
[BlackElo "2506"]
[Annotator "ChessBase"]
[PlyCount "80"]
[EventDate "2021.03.27"]
[EventType "team-tourn"]
[EventCountry "NET"]
[SourceTitle "playchess.com"]
[Source "ChessBase"]
[SourceQuality "1"]
[TimeControl "900+5"]

1. e4 d6 2. Nc3 Nf6 3. f4 e5 4. Nf3 Be7 5. Bc4 exf4 6. d4 Nxe4 7. Bxf7+ Kxf7 8. Nxe4 Bf5 9. Nf2 g5 10. d5 c5 11. dxc6 Nxc6 12. O-O d5 13. b4 Bf6 14. Rb1 b5 15. Bb2 d4 16. Qe2 Qd5 17. a4 a6 18. Rbd1 Rhe8 19. Qd2 Rad8 20. c3 Qc4 21. cxd4 Re2 22. Qc3 Rc2 23. Qxc4+ bxc4 24. b5 axb5 25. axb5 Ne7 26. Ba3 Nd5 27. Ne5+ Kg8 28. Nc6 Rd7 29. Rc1 Ra2 30. Bc5 c3 31. Rfe1 Rb2 32. b6 c2 33. Ne4 Bxe4 34. Rxe4 Nc3 35. Ree1 Na2 36. Kf2 Nxc1 37. Rxc1 g4 38. Ke2 f3+ 39. gxf3 Bg5 40. b7 Rdxb7 0-1

[Event "European Online Club-ch-I 2021"]
[Site "Online"]
[Date "2021.03.27"]
[Round "9.16"]
[White "Terry, Renato"]
[Black "Stinka, Jakub"]
[Result "1-0"]
[ECO "C44"]
[WhiteElo "2504"]
[BlackElo "2232"]
[Annotator "ChessBase"]
[PlyCount "61"]
[EventDate "2021.03.27"]
[EventType "team-tourn"]
[EventCountry "NET"]
[SourceTitle "playchess.com"]
[Source "ChessBase"]
[SourceQuality "1"]
[TimeControl "900+5"]

1. e4 e5 2. Nf3 Nc6 3. c3 Nf6 4. d4 exd4 5. e5 Ne4 6. Qe2 d5 7. exd6 f5 8. Nxd4 Nxd4 9. cxd4 Bxd6 10. f3 Qh4+ 11. g3 Bxg3+ 12. hxg3 Qxh1 13. fxe4 fxe4 14. Nc3 O-O 15. Bf4 Qf3 16. Qxf3 exf3 17. Bc4+ Kh8 18. Kf2 Bf5 19. Nb5 c6 20. Nd6 Bg6 21. Nxb7 Rae8 22. Be5 Bh5 23. Rh1 Bg6 24. Rc1 h5 25. Bb3 Kh7 26. Rxc6 Rc8 27. Rxc8 Rxc8 28. Nc5 Rf8 29. Ne6 Rc8 30. d5 Bf5 31. d6 1-0

[Event "European Online Club-ch-I 2021"]
[Site "Online"]
[Date "2021.03.27"]
[Round "9.17"]
[White "Stephan, Victor"]
[Black "Socko, Bartosz"]
[Result "0-1"]
[ECO "E35"]
[WhiteElo "2430"]
[BlackElo "2618"]
[Annotator "ChessBase"]
[PlyCount "98"]
[EventDate "2021.03.27"]
[EventType "team-tourn"]
[EventCountry "NET"]
[SourceTitle "playchess.com"]
[Source "ChessBase"]
[SourceQuality "1"]
[TimeControl "900+5"]

1. d4 Nf6 2. c4 e6 3. Nc3 Bb4 4. Qc2 O-O 5. Nf3 d5 6. cxd5 exd5 7. Bg5 h6 8. Bxf6 Qxf6 9. a3 Bxc3+ 10. Qxc3 c6 11. e3 Re8 12. Ne5 Nd7 13. Nxd7 Bxd7 14. Bd3 Qg5 15. g3 Bh3 16. O-O-O Qf6 17. Rd2 b6 18. Kb1 Rac8 19. Rc1 Rc7 20. Rdc2 Re6 21. Bf1 Bf5 22. Bd3 Bh3 23. Bf1 Bg4 24. Be2 h5 25. h4 Bxe2 26. Rxe2 Qf3 27. Rec2 Rf6 28. Qd3 g6 29. b4 Re7 30. Rd2 Kg7 31. Rcc2 Qh1+ 32. Kb2 a5 33. Rd1 Qg2 34. Qf1 Qf3 35. Qe2 axb4 36. axb4 Qf5 37. Qd3 Qg4 38. Qe2 Qf5 39. Qd3 Qd7 40. Ra1 Re4 41. Rac1 Qb7 42. Qa3 c5 43. dxc5 bxc5 44. Rxc5 Rxf2+ 45. R1c2 Rxb4+ 46. Kc3 Rxc2+ 47. Kxc2 d4 48. exd4 Qe4+ 49. Kc3 Qxd4+ 0-1

[Event "European Online Club-ch-I 2021"]
[Site "Online"]
[Date "2021.03.27"]
[Round "9.18"]
[White "Tomczak, Jacek"]
[Black "Bilquez, Romain"]
[Result "1-0"]
[ECO "C11"]
[WhiteElo "2610"]
[BlackElo "2276"]
[Annotator "ChessBase"]
[PlyCount "77"]
[EventDate "2021.03.27"]
[EventType "team-tourn"]
[EventCountry "NET"]
[SourceTitle "playchess.com"]
[Source "ChessBase"]
[SourceQuality "1"]
[TimeControl "900+5"]

1. e4 e6 2. d4 d5 3. Nc3 Nf6 4. e5 Nfd7 5. f4 c5 6. Nf3 Nc6 7. Be3 Qb6 8. Na4 Qa5+ 9. c3 c4 10. b4 Qa6 11. a3 b5 12. Nc5 Qb6 13. g3 Be7 14. Bh3 g6 15. O-O h5 16. a4 a5 17. axb5 Qxb5 18. Qc2 Nxc5 19. bxc5 a4 20. Rfb1 Qa5 21. Bc1 Bd7 22. Ra2 Qa7 23. Ba3 Na5 24. Ng5 Nb3 25. Rf1 Qa6 26. Qd1 Rb8 27. Raf2 Qa5 28. Qc2 Qa6 29. c6 Qxc6 30. Bxe7 Kxe7 31. Qa2 Nc5 32. dxc5 Qxc5 33. Kh1 Rb3 34. Qc2 a3 35. Nxf7 Rf8 36. Nd6 Rb2 37. Qxg6 Rxf2 38. Qg5+ Rf6 39. Qxf6# 1-0

[Event "European Online Club-ch-I 2021"]
[Site "Online"]
[Date "2021.03.27"]
[Round "9.19"]
[White "Devallee, Jeremie"]
[Black "Klekowski, Maciej"]
[Result "0-1"]
[ECO "B22"]
[WhiteElo "2220"]
[BlackElo "2510"]
[Annotator "ChessBase"]
[PlyCount "82"]
[EventDate "2021.03.27"]
[EventType "team-tourn"]
[EventCountry "NET"]
[SourceTitle "playchess.com"]
[Source "ChessBase"]
[SourceQuality "1"]
[TimeControl "900+5"]

1. e4 c5 2. d4 cxd4 3. c3 Nf6 4. e5 Nd5 5. Nf3 Nc6 6. Bc4 e6 7. cxd4 d6 8. O-O Be7 9. Qe2 O-O 10. Nc3 Nxc3 11. bxc3 dxe5 12. dxe5 Qc7 13. Bd3 b6 14. Qe4 g6 15. Bg5 Bxg5 16. Nxg5 Nxe5 17. Rfd1 h6 18. Nh7 Bb7 19. Nf6+ Kg7 20. Qh4 Qd8 21. Be4 Qxf6 22. Qxf6+ Kxf6 23. Bxb7 Rab8 24. Ba6 Rfd8 25. Kf1 Nd7 26. Rd4 Nc5 27. Be2 e5 28. Rh4 h5 29. Ke1 Rbc8 30. a4 Ne6 31. c4 Nf4 32. Bf1 g5 33. Rxf4+ exf4 34. a5 Rc5 35. axb6 axb6 36. Rb1 Re5+ 37. Be2 Rd6 38. Kf1 g4 39. h3 Kg5 40. hxg4 hxg4 41. Rc1 Rh6 0-1